 Dungeon Crawl Stone Soup version 0.32-a0-938-g40ac7a0f4d (webtiles) character file.

Game seed: 9239560472063280636

384092 ragingrage the Hoplite (level 22, -12/209 HPs)
             Began as a Minotaur Chaos Knight on Apr 15, 2024.
             Was a Favourite Plaything of Xom.
             Mangled by an iron troll (18 damage)
             ... on level 3 of the Depths.
             The game lasted 01:03:58 (46881 turns).

ragingrage the Hoplite (Minotaur Chaos Knight)     Turns: 46881, Time: 01:03:59

Health: -12/209    AC: 42    Str: 34    XL:     22   Next: 24%
Magic:  0/26       EV:  9    Int: 13    God:    Xom [.*....]
Gold:   3010       SH: 21    Dex:  7    Spells: 22/25 levels left

rFire   . . .        a - +8 broad axe (heavy)
rCold   . . .        T - +1 tower shield {reflect}
rNeg    + + +        x - +8 plate armour "Ecualuup" {rElec rC- rN+ Regen+}
rPois   +            (helmet unavailable)
rElec   +            F - +2 cloak {rPois}
rCorr   .            X - +4 pair of gloves of Cocytus {rPois}
SInv    .            p - +1 pair of boots of Polish {^Drain rN++ Int+3 Dex-3}
Will    ++++.        j - amulet of Freedom {Spirit +Blink rPois rN+ Int+3 Stlth+} Stlth
                     I - ring of protection from cold
HPRegen 1.34/turn    t - ring of Amaro {Will++ AC+4}
MPRegen 0.20/turn

%: reflection, guardian spirit
@: fugue, unable to drink
A: horns 3, retaliatory headbutt, high MP 1, strong-willed 1, poison resistance,
strong 2, teleportitis 1, wild magic 1, inability to drink after injury 1
}: 1/15 runes: gossamer
a: Renounce Religion, Evoke Blink


You were on level 3 of the Depths.
You worshipped Xom.
You were a plaything of Xom.
You visited 9 branches of the dungeon, and saw 41 of its levels.
You visited the Abyss 1 time.
You visited 1 bazaar.
You also visited: Sewer, Gauntlet, Ice Cave, Volcano and Wizlab.

You collected 6847 gold pieces.
You spent 3837 gold pieces at shops.

Inventory:

Hand Weapons
 a - a +8 heavy broad axe (weapon)
Missiles
 k - 8 javelins
 D - 33 boomerangs (quivered)
 P - 4 throwing nets
 S - 13 curare-tipped darts
Armour
 p - the +1 pair of boots of Polish (worn) {^Drain rN++ Int+3 Dex-3}
   (You found it on level 3 of the Depths)

   Int+3:     It affects your intelligence (+3).
   Dex-3:     It affects your dexterity (-3).
   rN++:      It greatly protects you from negative energy.
   ^Drain:    It drains your maximum health when unequipped.
 x - the +8 plate armour "Ecualuup" (worn) {rElec rC- rN+ Regen+}
   (You took it off a deep elf high priest on level 3 of the Elven Halls)

   rC-:       It makes you vulnerable to cold.
   rElec:     It insulates you from electricity.
   rN+:       It protects you from negative energy.
   Regen+:    It increases your rate of health regeneration.
 C - the +11 plate armour of Reett {Regen+ Str+2}
   (You found it on level 2 of the Swamp)

   Str+2:     It affects your strength (+2).
   Regen+:    It increases your rate of health regeneration.
 F - a +2 cloak of poison resistance (worn)
 G - +0 gold dragon scales
 T - a +1 tower shield of reflection (worn)
 X - the +4 pair of gloves of Cocytus (worn) {rPois}
   (You found it on level 4 of the Spider Nest)

   rPois:     It protects you from poison.
Jewellery
 j - the amulet of Freedom (around neck) {Spirit +Blink rPois rN+ Int+3 Stlth+}
   (You acquired it on level 1 of the Depths)

   [amulet of guardian spirit]

   Spirit:    It causes incoming damage to be divided between your reserves of
   health and magic.
   Int+3:     It affects your intelligence (+3).
   rPois:     It protects you from poison.
   rN+:       It protects you from negative energy.
   +Blink:    It lets you blink.
   Stlth+:    It makes you more stealthy.
 r - a ring of protection from fire
 t - the ring of Amaro (right hand) {Will++ AC+4}
   (You took it off a deep elf high priest on level 3 of the Elven Halls)

   [ring of protection]

   AC+4:      It affects your AC (+4).
   Will++:    It greatly increases your willpower.
 I - a ring of protection from cold (left hand)
 K - a ring of see invisible
Wands
 w - a wand of warping (5)
 N - a wand of digging (5)
Scrolls
 b - 4 scrolls of amnesia
 f - 8 scrolls of poison
 g - 3 scrolls of blinking
 h - 7 scrolls of noise
 l - 7 scrolls of teleportation
 m - 12 scrolls of fear
 n - 6 scrolls of immolation
 o - 11 scrolls of vulnerability
 y - 4 scrolls of revelation
 E - 7 scrolls of torment
 M - 2 scrolls of identify
 W - 6 scrolls of fog
Potions
 c - 8 potions of invisibility
 d - 12 potions of mutation
 e - 4 potions of magic
 i - 12 potions of lignification
 q - 3 potions of curing
 s - 8 potions of enlightenment
 u - 7 potions of heal wounds
 z - 9 potions of attraction
 H - 7 potions of ambrosia
 J - 4 potions of brilliance
 O - 2 potions of resistance
 Q - 6 potions of might
 Y - 6 potions of haste
Miscellaneous
 v - a lightning rod (4/4)
 A - a phantom mirror
 B - a Gell's gravitambourine (2/2)
 L - a sack of spiders
 R - a box of beasts
 Z - a condenser vane


   Skills:
 + Level 20.3 Fighting
 - Level 16.0 Axes
 + Level 16.2 Throwing
 - Level 18.0 Armour
 - Level 8.0 Dodging
 - Level 22.0 Shields
 - Level 2.0 Spellcasting
 - Level 9.0 Necromancy
 - Level 18.1 Evocations


You had 22 spell levels left.
You knew the following spells:

 Your Spells              Type           Power      Damage    Failure   Level
a - Fugue of the Fallen   Necr           32%        N/A       14%         3

Your spell library contained the following spells:

 Spells                   Type           Power      Damage    Failure   Level
 Necrotise                Necr           100%       1d9       5%          1
 Vampiric Draining        Necr           32%        2d8       14%         3
 Animate Dead             Necr           32%        N/A       38%         4
 Dispel Undead            Necr           32%        3d14      38%         4
 Cigotuvi's Dreadful Rot  Necr/Alch/Air  22%        N/A       58%         2
 Apportation              Tloc           2%         N/A       83%         1
 Magic Dart               Conj           4%         1d3       83%         1
 Sandblast                Erth           2%         2d4       83%         1
 Shock                    Conj/Air       4%         1d3       83%         1
 Slow                     Hex            4%         N/A       83%         1
 Sting                    Conj/Alch      4%         1d3       83%         1
 Summon Small Mammal      Summ           4%         N/A       83%         1
 Blink                    Tloc           2%         N/A       92%         2
 Call Imp                 Summ           2%         N/A       92%         2
 Jinxbite                 Hex            2%         N/A       92%         2
 Lesser Beckoning         Tloc           2%         N/A       92%         2
 Searing Ray              Conj           2%         2d4       92%         2
 Anguish                  Hex/Necr       8%         N/A       93%         4
 Martyr's Knell           Necr/Summ      16%        N/A       93%         4
 Call Canine Familiar     Summ           1%         N/A       99%         3
 Confusing Touch          Hex            1%         N/A       99%         3
 Dazzling Flash           Conj/Hex       2%         N/A       99%         3
 Frozen Ramparts          Ice            2%         1d1       99%         3
 Hailstorm                Conj/Ice       1%         3d5       99%         3
 Inner Flame              Hex/Fire       1%         N/A       99%         3
 Maxwell's Portable Pile  Tloc           1%         2d(5-13)  99%         3
 Ozocubu's Armour         Ice            1%         N/A       99%         3
 Sigil of Binding         Hex            1%         N/A       99%         3
 Stone Arrow              Conj/Erth      2%         3d7       99%         3
 Summon Ice Beast         Ice/Summ       1%         N/A       99%         3
 Swiftness                Air            1%         N/A       99%         3
 Teleport Other           Tloc           1%         N/A       99%         3
 Volatile Blastmotes      Fire/Tloc      2%         2d10      99%         3
 Death Channel            Necr           16%        N/A       99%         6
 Airstrike                Air            0%         2d(1-17)  100%        4
 Animate Armour           Summ/Erth      2%         N/A       100%        4
 Brom's Barrelling Bould  Conj/Erth      1%         2d3       100%        4
 Cause Fear               Hex            0%         N/A       100%        4
 Dimensional Bullseye     Hex/Tloc       0%         N/A       100%        4
 Flame Wave               Conj/Fire      1%         2d4       100%        4
 Fulminant Prism          Conj/Alch      0%         3d5       100%        4
 Ignite Poison            Fire/Alch      1%         N/A       100%        4
 Iskenderun's Mystic Bla Conj/Tloc 1%             2d3        (+2d1     100%        4
 Leda's Liquefaction      Alch/Erth      0%         N/A       100%        4
 Olgreb's Toxic Radiance  Alch           1%         N/A       100%        4
 Sticky Flame             Fire/Alch      1%         2d4       100%        4
 Summon Lightning Spire   Summ/Air       1%         N/A       100%        4
 Alistair's Intoxication  Alch           0%         N/A       100%        5
 Arcjolt                  Conj/Air       0%         1d10      100%        5
 Borgnjor's Vile Clutch   Necr/Erth      8%         N/A       100%        5
 Fireball                 Conj/Fire      0%         3d3       100%        5
 Freezing Cloud           Conj/Ice/Air   0%         6-21      100%        5
 Irradiate                Conj/Alch      0%         3d11      100%        5
 Iskenderun's Battlesphe  Conj           1%         2d6       100%        5
 Lee's Rapid Deconstruct  Erth           0%         3d4*      100%        5
 Metabolic Englaciation   Hex/Ice        0%         N/A       100%        5
 Summon Forest            Summ/Tloc      0%         N/A       100%        5
 Yara's Violent Unravell  Hex/Alch       0%         3d3       100%        5
 Conjure Ball Lightning   Conj/Air       0%         3x3d6     100%        6
 Dispersal                Tloc           0%         N/A       100%        6
 Eringya's Noxious Bog    Alch           0%         4d6       100%        6
 Gell's Gavotte           Tloc           0%         2d(11-16) 100%        6
 Permafrost Eruption      Ice/Erth       0%         2x4d1     100%        6
 Sculpt Simulacrum        Ice/Alch       0%         N/A       100%        6
 Starburst                Conj/Fire      0%         6d3       100%        6
 Enfeeble                 Hex            0%         N/A       100%        7
 Haunt                    Necr/Summ      8%         N/A       100%        7
 Manifold Assault         Tloc           0%         N/A       100%        7
 Monstrous Menagerie      Summ           0%         N/A       100%        7
 Orb of Destruction       Conj           0%         9d5       100%        7
 Ozocubu's Refrigeration  Ice            0%         4d7       100%        7
 Spellforged Servitor     Conj/Summ      0%         N/A       100%        7
 Summon Hydra             Summ           0%         N/A       100%        7
 Discord                  Hex            0%         N/A       100%        8
 Disjunction              Tloc           0%         N/A       100%        8
 Ignition                 Fire           0%         3d3       100%        8
 Infestation              Necr           16%        N/A       100%        8
 Lehudib's Crystal Spear  Conj/Erth      0%         10d2      100%        8
 Maxwell's Capacitive Co  Air            0%         ∞         100%        8
 Polar Vortex             Ice            0%         N/A       100%        9


Dungeon Overview and Level Annotations

Branches:
Dungeon (15/15)            Temple (1/1) D:4            Lair (5/5) D:11
  Swamp (4/4) Lair:3       Spider (4/4) Lair:3        Slime (0/5) Lair:4
    Orc (2/2) D:9             Elf (3/3) Orc:2        Vaults (4/5) D:13
  Crypt (0/3) Vaults:3     Depths (3/4) D:15          Sewer (visited)
  IceCv (visited)         Volcano (visited)          WizLab (visited)
Gauntlet (visited)

Altars:
Ashenzari
Cheibriados
Dithmenos
Elyvilon
Fedhas
Gozag
Hepliaklqana
Kikubaaqudgha
Makhleb
Nemelex Xobeh
Okawaru
Qazlal
Ru
Sif Muna
Trog
Uskayaw
Vehumet
Wu Jian
Xom
Yredelemnul
Zin
The Shining One
Beogh

Shops:
D:4 *   D:7 [   D:9 *   Orc:2 *((=   Elf:1 [   Depths:1 *[*(   Depths:2 **(

Portals:
Hell: Depths:1 Depths:2 Depths:3
Abyss: Depths:3
Pandemonium: Depths:2
Ziggurat: Depths:1
Trove: D:11 (give +6 demon whip)

Annotations:
D:11 2 transporters, jasper's ghost, journeyman MDFi


Innate Abilities, Weirdness & Mutations

You have a pair of large horns on your head.
You reflexively headbutt those who attack you in melee.
You have an increased reservoir of magic. (+10% MP)
You are strong-willed. (Will+)
Your system is resistant to poisons. (rPois)
Your muscles are very strong. (Str +8, Int/Dex -2)
You are occasionally teleported next to monsters.
Your spells are a little harder to cast, but a little more powerful.
You occasionally lose the ability to drink potions when taking damage.


Message History

You are too injured to fight recklessly!
You are too injured to fight recklessly!
You are too injured to fight recklessly!
You are too injured to fight recklessly!
You are too injured to fight recklessly!
You are too injured to fight recklessly!
You are too injured to fight recklessly!
Casting: Fugue of the Fallen (mildly dangerous; 14% risk of failure)
You call out to the remnants of the fallen!
You block the iron troll's attack. The iron troll claws you!
You block the iron troll's attack. x3; The iron troll claws you.
You hit the iron troll.
You headbutt the iron troll, but do no damage.
You slice the iron troll!! The iron troll bites you! The iron troll claws you!
You block the iron troll's attack. The iron troll misses you.
The iron troll claws you but does no damage.
You block the iron troll's attack. The iron troll bites you!!
* * * LOW HITPOINT WARNING * * *
You block the iron troll's attack. x2
You hit the iron troll. x2; You block the iron troll's attack. x2
The iron troll barely misses you. The iron troll closely misses you.
You furiously retaliate!
You headbutt the iron troll! You block the iron troll's attack.
The iron troll closely misses you.
You slice the iron troll!!
You hit the iron troll but do no damage.
You block the iron troll's attack. x2; The iron troll claws you!!
* * * LOW HITPOINT WARNING * * *
You feel threatened and lose the ability to drink potions!
The iron troll bites you!!
* * * LOW HITPOINT WARNING * * *
Xom roars with laughter!
You block the iron troll's attack. x2
As you read the scroll of fear, it crumbles to dust.
You assume a fearsome visage.
The iron troll resists with some effort. x2
The iron troll barely misses you.
The iron troll claws you but does no damage.
You block the iron troll's attack. x2; The iron troll claws you!!
You die...
Xom giggles madly!

####### ....#. #......
..... +...... . ....
#...... .. ... #...... ..
.. #...... #T .###+####
#...... #.##T......#
######. #.T@[.....# #.
##........# #. ##.........
# #. ##..####+### .## #.
#..## ... . ..# #. #.###
..... ###.# #. #.#####.#.##
...###.#.# ##.
#.......#..###+###.[#.# #..
######..#...#...#...#.###.#


You could see 2 iron trolls.

Vanquished Creatures
  Frederick (Vaults:4)
  Xtahua (Vaults:4)
  the Lernaean hydra (Swamp:4)
  Saint Roka (Orc:2)
  Margery (Vaults:3)
  3 golden dragons
  Jorgrun (Swamp:1)
  2 tentacled monstrosities
  Zenata (Vaults:4)
  A hellephant (Vaults:3)
  Asterion (Spider:3)
  Rupert (Spider:1)
  6 deep elf master archers
  3 liches
  4 deep elf blademasters
  The ghost of Gopnoam the Warrior, an adept OnFi of Yredelemnul (Spider:1)
  3 sphinxes
  Frances (Swamp:1)
  Kirke (Swamp:1)
  A shadow dragon (Depths:2)
  2 tengu reavers
  Aizul (Elf:1)
  A thorn hunter (WizLab)
  4 fenstrider witches
  7 frost giants
  3 fire giants
  A deep elf sorcerer (Elf:3)
  4 ghost moths
  3 emperor scorpions
  Louise (Spider:2)
  6 deep elf elementalists
  10 vault wardens
  5 spectral caustic shrikes (Depths:2)
  An orc warlord (Vaults:3)
  2 broodmothers (Spider:1)
  8 stone giants
  2 formless jellyfish (Vaults:3)
  12 ironbound preservers
  A juggernaut skeleton (Depths:1)
  A formless jellyfish (shapeshifter) (Vaults:1)
  8 ironbound thunderhulks
  5 deep elf death magi
  The ghost of Adatourgh the Spry, a journeyman KoHu of Okawaru (Elf:3)
  3 bunyips
  6 deep elf demonologists
  Nessos (Lair:5)
  10 deep elf annihilators
  A war gargoyle (Depths:3)
  3 eleionomae
  4 spark wasps
  A white draconian (IceCv)
  A red draconian (Volcano)
  12 dire elephants
  A minotaur (Gauntlet)
  5 ettins
  A shambling mangrove (WizLab)
  2 entropy weavers
  8 yaktaur captains
  5 fire dragons
  5 deep elf high priests (Elf:3)
  A spriggan zombie (Abyss:3)
  4 great orbs of eyes
  A hell beast (Depths:3)
  2 ice dragons
  9 vault guards
  3 rakshasas (Depths:3)
  A spriggan air mage (Depths:2)
  16 hydras
  3 jorogumos
  A sphinx zombie (Depths:1)
  2 ghost crabs
  8 alligators
  A radroach (Spider:2)
  A catoblepas (Lair:2)
  13 centaur warriors
  3 boulder beetles
  A merfolk avatar (Lair:5)
  An anaconda (D:14)
  3 two-headed ogres
  12 ironbound frosthearts
  3 satyrs (WizLab)
  27 dancing weapons
  4 deep troll shamans
  2 sphinx skeletons
  2 death yaks (Lair:2)
  5 tengu warriors
  4 deep troll earth magi
  6 occultists
  9 demonic crawlers
  A vampire mage (Depths:2)
  2 orc high priests
  2 naga sharpshooters (WizLab)
  Sonja (Orc:2)
  18 deep elf knights
  6 hell knights
  3 iron trolls
  A skyshark (Lair:5)
  8 pharaoh ants
  A titan skeleton (Depths:1)
  4 skeletal warriors (D:14)
  16 deep elf archers
  3 goliath frogs
  7 swamp dragons
  A death drake (shapeshifter) (Vaults:2)
  A death drake (Swamp:4)
  39 deep trolls
  2 glowing orange brains
  4 bog bodies
  A deep troll (shapeshifter) (Elf:1)
  11 orb spiders
  3 spriggan druids
  4 thermic dynamos
  6 arcanists
  9 steelbarb worms
  2 obsidian bats
  8 orc knights
  6 necromancers
  27 deep elf zephyrmancers
  12 ironbound convokers
  A harpy (shapeshifter) (D:15)
  3 oklob plants
  11 ugly things
  26 deep elf pyromancers
  7 cyclopes
  2 orc sorcerers
  4 lindwurms
  20 wolf spiders
  2 manticores
  4 fauns (WizLab)
  2 frost giant zombies
  7 will-o-the-wisps
  4 meliai
  3 moths of wrath
  3 ice statues
  14 elephants
  6 black mambas
  A kobold blastminer (Orc:2)
  40 slime creatures
  A frost giant skeleton (Vaults:2)
  2 guardian serpents (Depths:2)
  9 torpor snails
  13 vault sentinels
  An apocalypse crab (Gauntlet)
  2 unseen horrors
  22 yaktaurs
  2 gargoyles
  A kobold demonologist (D:12)
  9 cane toads
  9 rime drakes
  An efreet (D:13)
  7 komodo dragons
  A freezing wraith (Vaults:2)
  An ice devil (Gauntlet)
  A tengu conjurer (D:14)
  13 trolls
  A polar bear (Lair:5)
  8 tyrant leeches
  6 saltlings
  32 blink frogs
  26 tarantellas
  A raiju (shapeshifter) (Elf:1)
  9 hornets
  A glass eye (Depths:3)
  28 jumping spiders
  14 dream sheep
  2 wind drakes (Lair:5)
  2 human simulacra (Vaults:1)
  A centaur simulacrum (D:14)
  An air elemental (Elf:2)
  Sigmund (D:6)
  6 shadows
  A wraith (D:12)
  17 culicivoras
  5 spriggans
  An ettin skeleton (Vaults:2)
  6 water elementals
  67 yaks
  4 wyverns
  11 basilisks
  A fire bat (Lair:5)
  3 fire elementals (Gauntlet)
  59 redbacks
  6 hogs (Swamp:1)
  A yaktaur simulacrum (Vaults:2)
  3 steam dragons
  6 vampire mosquitoes
  5 wargs
  18 swamp worms
  A hell hound (Gauntlet)
  4 acid dragons
  11 water moccasins
  4 swamp drakes
  2 ice beasts
  A sky beast (shapeshifter) (Elf:1)
  2 sky beasts (D:6)
  21 orc warriors
  5 black bears
  4 ogres
  4 boggarts
  2 laughing skulls (D:15)
  25 wolves
  16 centaurs
  A phantom (D:6)
  4 kobold brigands
  2 earth elementals (Elf:3)
  12 bullfrogs
  A gnoll sergeant (D:12)
  6 small abominations (Gauntlet)
  2 scorpions
  12 wights
  8 killer bees
  6 electric eels
  A lindwurm simulacrum (IceCv)
  2 howler monkeys
  6 komodo dragon simulacra (IceCv)
  9 hounds
  12 jellies
  13 orc priests
  A gnoll bouda (D:9)
  A sleepcap (D:6)
  6 iguanas
  6 hell rats (Lair:3)
  19 orc wizards
  11 adders
  10 gnolls
  9 acid dragon simulacra (IceCv)
  3 river rats (Sewer)
  3 shadow imps
  8 white imps
  5 steam dragon simulacra (IceCv)
  2 ufetubi (D:5)
  4 dart slugs
  81 orcs
  7 endoplasms
  2 giant cockroaches (D:1)
  10 goblins
  4 hobgoblins
  A jackal (Sewer)
  2 quokkas (D:1)
  5 ball pythons
  10 bats
  5 frilled lizards
  9 kobolds
  5 rats
  2 spectral weapons (Spider:3)
1588 creatures vanquished.

Vanquished Creatures (collateral kills)
  Mara (Vaults:2)
  A sphinx (Vaults:2)
  A vault warden (Vaults:1)
  A jorogumo (Spider:4)
  A demonic crawler (Spider:4)
  An arcanist (Vaults:1)
  A wolf spider (Spider:1)
  An elephant (Lair:4)
  An ugly thing (D:12)
  A yaktaur (Vaults:2)
  2 slime creatures (Vaults:1)
  A culicivora (Spider:2)
  A yak (D:11)
  2 redbacks (Spider:2)
  An orc priest (Orc:2)
  A jelly (Lair:4)
  2 adders (D:5)
  3 orcs (Orc:2)
23 creatures vanquished.

Vanquished Creatures (others)
  A deep elf blademaster (Elf:3)
  A sphinx (Vaults:2)
  A deep elf elementalist (Elf:3)
  2 dancing weapons (Vaults:2)
  An occultist (Depths:3)
  2 deep elf knights
  5 deep elf pyromancers
  A wolf spider (Spider:4)
  A manticore (D:12)
  A black mamba (shapeshifter) (D:12)
  A bloated husk (Swamp:2)
  4 dream sheep (Lair:5)
  A spriggan (Swamp:2)
  A yak (D:9)
  A redback (Spider:4)
  2 swamp drakes (Swamp:1)
  55 foxfires
  12 spectral weapons
93 creatures vanquished.

Grand Total: 1704 creatures vanquished

Notes
Turn   | Place    | Note
-------+----------+-------------------------------------------
     0 | D:1      | ragingrage the Minotaur Chaos Knight began the quest for
                  | the Orb.
     0 | D:1      | Reached XP level 1. HP: 19/19 MP: 0/0
    94 | D:1      | XOM: silly message
   100 | D:1      | XOM: silly message
   384 | D:1      | Reached XP level 2. HP: 26/26 MP: 1/1
   415 | D:1      | XOM: enchant monster (bad)
   674 | D:1      | XOM: noise
  1003 | D:2      | Reached skill level 5 in Axes
  1003 | D:2      | Reached XP level 3. HP: 31/31 MP: 2/2
  1637 | D:3      | Gained mutation: Your movements are slightly less
                  | encumbered by armour. (ER -2) [potion of mutation]
  1637 | D:3      | Gained mutation: You have a pair of large horns on your
                  | head. [potion of mutation]
  1637 | D:3      | Gained mutation: You are partially covered in iridescent
                  | scales. (AC +2) [potion of mutation]
  1637 | D:3      | Gained mutation: You expend magic power (3 MP) to
                  | strengthen your wands. [potion of mutation]
  1809 | D:2      | Reached XP level 4. HP: 26/39 MP: 3/3
  2088 | D:3      | XOM: confusion (+ monsters)
  2107 | D:3      | XOM: silly message
  2319 | D:4      | Found a staircase to the Ecumenical Temple.
  2327 | Temple   | Entered the Ecumenical Temple
  2362 | D:4      | Found a broken altar of Ashenzari.
  2363 | D:4      | Found a hazy altar of Hepliaklqana.
  2367 | D:4      | Found an ancient bone altar of Kikubaaqudgha.
  2367 | D:4      | Found an iron altar of Okawaru.
  2387 | D:4      | Found Vatuleh's Assorted Antiques.
  2464 | D:4      | Bought an encrusted lead wand for 92 gold pieces
  2464 | D:4      | Bought a bubbling blue potion for 20 gold pieces
  2464 | D:4      | Bought a metallic black potion for 20 gold pieces
  2464 | D:4      | Bought a scroll labelled ITZITH CECRO for 23 gold pieces
  2509 | D:4      | Reached XP level 5. HP: 45/45 MP: 4/4
  2630 | D:4      | XOM: noise
  2708 | D:4      | XOM: 5-stop teleportation journey
  2825 | D:4      | XOM: scenery: summon butterflies
  2827 | D:5      | Entered Level 5 of the Dungeon
  2908 | D:5      | XOM: cast spell 'Olgreb's Toxic Radiance'
  2939 | D:5      | Reached XP level 6. HP: 46/51 MP: 5/5
  3009 | D:5      | XOM: summons friendly iron imp
  3013 | D:5      | XOM: polymorph iron imp -> lemure
  3014 | D:5      | XOM: divination: magic mapping
  3283 | D:5      | XOM: god gift: scroll labelled FOMEPRA VO AFEUWY {god gift}
  3329 | D:5      | Reached XP level 7. HP: 57/57 MP: 6/6
  3444 | D:5      | XOM: scenery: summon butterflies
  3501 | D:5      | XOM: summons friendly quasit
  3603 | D:5      | Reached skill level 10 in Axes
  3752 | D:6      | Found a glowing drain.
  3760 | Sewer    | Entered a sewer
  3791 | Sewer    | XOM: give mutations
  3791 | Sewer    | Gained mutation: You passively map a small area around you.
                  | [Xom's grace]
  3791 | Sewer    | Gained mutation: You have sharp fingernails. [Xom's grace]
  3791 | Sewer    | Gained mutation: You are robust. (+10% HP) [Xom's grace]
  3791 | Sewer    | Gained mutation: You are mostly covered in iridescent
                  | scales. (AC +4) [Xom's grace]
  3836 | Sewer    | XOM: 1-stop teleportation journey
  3901 | Sewer    | XOM: summons 3 friendly demons
  3964 | Sewer    | Found a glowing silver altar of Zin.
  3964 | Sewer    | XOM: 9-stop teleportation journey
  4090 | D:6      | Noticed Sigmund
  4101 | D:6      | Killed Sigmund
  4102 | D:6      | Reached XP level 8. HP: 62/70 MP: 7/7
  4224 | D:6      | XOM: summons 2 friendly demons
  4312 | D:6      | XOM: confuse monster(s)
  4421 | D:6      | XOM: summons friendly quasit
  4458 | D:6      | XOM: cleaving
  4579 | D:6      | XOM: summons 2 friendly demons
  4963 | D:7      | XOM: god gift: scale mail {god gift}
  4995 | D:7      | Reached XP level 9. HP: 76/77 MP: 8/8
  5035 | D:7      | Found Getub's Armour Shoppe.
  5261 | D:7      | XOM: blink monster(s)
  5408 | D:7      | XOM: give mutations
  5408 | D:7      | Lost mutation: You are mostly covered in iridescent scales.
                  | (AC +4) [Xom's mischief]
  5408 | D:7      | Lost mutation: Your movements are slightly less encumbered
                  | by armour. (ER -2) [Xom's mischief]
  5408 | D:7      | Gained mutation: Your spells are a little easier to cast,
                  | but a little less powerful. [Xom's mischief]
  5554 | D:7      | XOM: summons 2 hostile shadow creatures
  5601 | D:7      | Reached skill level 15 in Axes
  5746 | D:7      | XOM: silly message
  5774 | D:7      | XOM: 1-stop teleportation journey
  5803 | D:7      | Found a snail-covered altar of Cheibriados.
  6084 | D:7      | XOM: potion effect (invisibility)
  6388 | D:8      | XOM: smoke on damage
  6523 | D:8      | XOM: silly message
  6549 | D:8      | XOM: potion effect (might)
  6650 | D:8      | Reached skill level 1 in Shields
  6681 | D:8      | XOM: silly message
  6685 | D:8      | Reached skill level 1 in Evocations
  6696 | D:8      | Reached skill level 2 in Shields
  6930 | D:8      | Found a faded altar of an unknown god.
  6930 | D:8      | Noticed an arcanist
  6930 | D:8      | Found the Hermit's Pendant {Faith Invo=14 Evo=0 MP+5}
  6932 | D:8      | XOM: butterfly on damage
  6934 | D:8      | XOM: cast spell 'Animate Armour'
  6943 | D:8      | Killed an arcanist
  6944 | D:8      | Reached XP level 10. HP: 44/88 MP: 9/9
  7065 | D:8      | XOM: divination: detect creatures
  7130 | D:8      | XOM: silly message
  7131 | D:8      | Found a radiant altar of Vehumet.
  7134 | D:8      | Reached skill level 3 in Shields
  7247 | D:8      | Found a basalt altar of Yredelemnul.
  7413 | D:9      | Reached skill level 5 in Fighting
  7416 | D:9      | XOM: god gift: scroll of amnesia
  7506 | D:9      | Found Fiezug's Assorted Antiques.
  7518 | D:9      | Bought an orange potion for 20 gold pieces
  7674 | D:9      | Noticed a two-headed ogre
  7680 | D:9      | XOM: confuse monster(s)
  7687 | D:9      | Killed a two-headed ogre
  7688 | D:9      | Reached skill level 4 in Shields
  7745 | D:9      | XOM: give mutation
  7745 | D:9      | Gained mutation: You are very robust. (+20% HP) [Xom's
                  | grace]
  7757 | D:9      | Reached skill level 5 in Armour
  7833 | D:9      | Bought a glowing morningstar for 161 gold pieces
  7885 | D:9      | XOM: god gift: murky cyan potion {god gift}
  7938 | D:9      | XOM is BORED!
  7993 | D:9      | Found a staircase to the Orcish Mines.
  8030 | D:9      | Noticed a cyclops
  8036 | D:9      | XOM: scenery: create altars
  8040 | D:9      | Killed a cyclops
  8433 | D:9      | XOM: god gift: 5 stones
  8625 | D:10     | Entered Level 10 of the Dungeon
  8627 | D:10     | XOM: give mutation
  8627 | D:10     | Gained mutation: Your mind is acute. (Int +4, Str/Dex -1)
                  | [Xom's grace]
  8628 | D:10     | XOM: divination: detect creatures
  8634 | D:9      | Reached skill level 5 in Shields
  8718 | D:9      | XOM: enchant monster (good)
  8723 | D:9      | Reached skill level 5 in Dodging
  8816 | D:10     | XOM: divination: detect creatures
  8977 | D:10     | Reached XP level 11. HP: 109/109 MP: 10/10
  9077 | D:10     | Paralysed by a hornet for 3 turns
  9177 | D:10     | Reached skill level 6 in Shields
  9395 | D:10     | XOM: god gift: lightning rod (4/4)
  9431 | D:10     | Found a glowing golden altar of the Shining One.
  9459 | D:10     | Found an opulent altar of Gozag.
  9582 | D:10     | XOM: scenery: 1 doors close
  9757 | D:10     | XOM: scenery: create altars
  9843 | D:11     | XOM: scenery: summon butterflies
  9855 | D:11     | XOM: god gift: potion of heal wounds
  9982 | D:11     | XOM: summons 11 friendly demons
  9986 | D:11     | Reached skill level 7 in Shields
 10025 | D:11     | XOM: scenery: summon butterflies
 10033 | D:11     | Noticed jasper's ghost (journeyman MDFi)
 10059 | D:11     | Found a transporter.
 10064 | D:11     | Found a transporter.
 10201 | D:11     | Found a frozen archway.
 10219 | D:11     | XOM: 2-stop teleportation journey
 10228 | D:11     | Found a staircase to the Lair.
 10249 | IceCv    | Entered an ice cave
 10380 | IceCv    | XOM: divine lightning
 10383 | IceCv    | XOM: cleaving
 10388 | IceCv    | XOM: divination: detect items
 10584 | IceCv    | XOM: fog
 10631 | IceCv    | Noticed a white draconian
 10648 | IceCv    | XOM: fake destruction
 10653 | IceCv    | Killed a white draconian
 10661 | IceCv    | Found the +2 Maxwell's thermic engine {flame, freeze, rev}
 10661 | IceCv    | XOM: 5-stop teleportation journey
 10667 | IceCv    | XOM: summons friendly white imp
 10670 | IceCv    | Reached skill level 8 in Shields
 10711 | IceCv    | Identified the +4 eveningstar "Etwopt" {pain, Fly Str+3}
 10899 | IceCv    | XOM: silly message
 11007 | IceCv    | XOM: noise
 11174 | D:11     | Noticed a boulder beetle
 11193 | D:11     | Killed a boulder beetle
 11241 | D:11     | Found a portal to a secret trove of treasure.
 11303 | D:11     | Reached XP level 12. HP: 80/124 MP: 11/11
 11385 | D:11     | XOM: blink monster(s)
 11437 | D:11     | Found a roughly hewn altar of Beogh.
 11454 | D:11     | Learned a level 3 spell: Fugue of the Fallen
 11520 | D:11     | XOM: give mutations
 11520 | D:11     | Gained mutation: You passively map the area around you.
                  | [Xom's grace]
 11520 | D:11     | Gained mutation: You are mostly covered in iridescent
                  | scales. (AC +4) [Xom's grace]
 11520 | D:11     | Gained mutation: Your skin changes colour to match your
                  | surroundings (Stealth+). [Xom's grace]
 11520 | D:11     | Gained mutation: You have an increased reservoir of magic.
                  | (+10% MP) [Xom's grace]
 11651 | D:12     | Noticed a two-headed ogre
 11658 | D:12     | Killed a two-headed ogre
 11659 | D:12     | Reached skill level 9 in Shields
 11669 | D:12     | XOM: 1-stop teleportation journey
 11919 | D:12     | Reached skill level 10 in Fighting
 12005 | D:12     | Reached skill level 10 in Armour
 12093 | D:12     | Reached skill level 10 in Shields
 12128 | D:12     | XOM: summons 1 hostile shadow creature
 12428 | D:12     | XOM: confusion (+ monsters)
 12542 | D:12     | XOM: confusion
 12703 | Lair:1   | Entered Level 1 of the Lair of Beasts
 12719 | Lair:1   | Reached skill level 1 in Necromancy
 12792 | Lair:1   | XOM: swap monsters
 12840 | Lair:1   | XOM: summons 7 hostile demons
 12849 | Lair:1   | XOM: give mutations
 12849 | Lair:1   | Lost mutation: You have a pair of large horns on your head.
                  | [Xom's mischief]
 12849 | Lair:1   | Gained mutation: Your body sometimes deteriorates upon
                  | taking damage. [Xom's mischief]
 12849 | Lair:1   | Lost mutation: You are very robust. (+20% HP) [Xom's
                  | mischief]
 12849 | Lair:1   | Lost mutation: Your body sometimes deteriorates upon taking
                  | damage. [Xom's mischief]
 12867 | Lair:1   | XOM: scenery: summon butterflies
 13011 | Lair:1   | XOM: 4-stop teleportation journey
 13180 | Lair:1   | XOM: give mutations
 13180 | Lair:1   | Lost mutation: You are robust. (+10% HP) [Xom's mischief]
 13180 | Lair:1   | Lost mutation: You have an increased reservoir of magic.
                  | (+10% MP) [Xom's mischief]
 13180 | Lair:1   | Lost mutation: You have sharp fingernails. [Xom's mischief]
 13188 | Lair:1   | XOM: noise
 13401 | Lair:1   | XOM: summons 7 hostile demons
 13476 | Lair:1   | XOM: enchant monster (bad)
 14055 | Lair:2   | XOM: divination: detect creatures
 14076 | Lair:2   | XOM: confuse monster(s)
 14081 | Lair:2   | XOM: enchant monster (good)
 14086 | Lair:2   | Reached XP level 13. HP: 99/116 MP: 12/12
 14224 | Lair:2   | Reached skill level 5 in Evocations
 14259 | Lair:2   | XOM: scenery: create altars
 14270 | Lair:2   | XOM: fog
 14371 | Lair:2   | XOM: draining
 14443 | Lair:2   | XOM: summons friendly quasit
 14446 | Lair:2   | XOM: fog
 14662 | Lair:2   | XOM: noise
 14666 | Lair:2   | XOM: give mutations
 14666 | Lair:2   | Gained mutation: Your movements are slightly less
                  | encumbered by armour. (ER -2) [Xom's mischief]
 14666 | Lair:2   | Lost mutation: You expend magic power (3 MP) to strengthen
                  | your wands. [Xom's mischief]
 14670 | Lair:2   | XOM: summons 3 friendly demons
 14794 | Lair:2   | XOM: give mutations
 14794 | Lair:2   | Lost mutation: Your movements are slightly less encumbered
                  | by armour. (ER -2) [Xom's mischief]
 14794 | Lair:2   | Lost mutation: Your mind is acute. (Int +4, Str/Dex -1)
                  | [Xom's mischief]
 14794 | Lair:2   | Lost mutation: Your spells are a little easier to cast, but
                  | a little less powerful. [Xom's mischief]
 14896 | Lair:2   | XOM is BORED!
 14934 | Lair:3   | XOM: 1-stop teleportation journey
 15020 | Lair:3   | XOM: swap monsters
 15061 | Lair:3   | Found a hole to the Spider Nest.
 15253 | Lair:3   | XOM: enchant monster (bad)
 15256 | Lair:3   | XOM: scenery: summon butterflies
 15258 | Lair:3   | XOM: god gift: throwing net
 15261 | Lair:3   | XOM: 8-stop teleportation journey
 15262 | Lair:3   | You fall into a shaft and drop 1 floor!
 15359 | Lair:4   | XOM: fog
 15373 | Lair:4   | XOM: cast spell 'Disjunction'
 15382 | Lair:4   | XOM: destruction
 15487 | Lair:3   | Reached skill level 5 in Necromancy
 15505 | Lair:3   | XOM: potion effect (brilliance)
 15644 | Lair:3   | XOM: silly message
 15720 | Lair:3   | XOM: potion effect (haste)
 15720 | Lair:3   | XOM: smoke on damage
 15776 | Lair:3   | Found a staircase to the Swamp.
 16006 | Lair:3   | XOM: divination: detect items
 16008 | Lair:3   | XOM: divination: detect creatures
 16144 | Lair:3   | XOM: silly message
 16301 | Lair:4   | XOM: silly message
 16321 | Lair:4   | XOM: fake destruction
 16324 | Lair:4   | XOM: enchant monster (good)
 16369 | Lair:4   | XOM: summons friendly iron imp
 16391 | Lair:4   | Found a staircase to the Slime Pits.
 16449 | Lair:4   | Reached XP level 14. HP: 108/129 MP: 13/13
 16594 | Lair:4   | XOM: cloud trail
 16668 | Lair:4   | XOM: enchant monster (good)
 16677 | Lair:4   | XOM: divination: detect creatures
 16849 | Lair:4   | XOM: cloud trail
 17070 | Lair:4   | XOM: give mutations
 17070 | Lair:4   | Gained mutation: Your mind is acute. (Int +4, Str/Dex -1)
                  | [Xom's grace]
 17070 | Lair:4   | Gained mutation: You are covered in fur. (AC +1) [Xom's
                  | grace]
 17070 | Lair:4   | Gained mutation: You have a somewhat thin skeletal
                  | structure. (Dex +2, Stealth+) [Xom's grace]
 17070 | Lair:4   | Gained mutation: You expend magic power (3 MP) to
                  | strengthen your wands. [Xom's grace]
 17142 | Lair:5   | Entered Level 5 of the Lair of Beasts
 17150 | Lair:5   | XOM: scenery: create altars
 17151 | Lair:5   | XOM: enchant monster (good)
 17152 | Lair:5   | XOM: polymorph komodo dragon -> fire bat
 17176 | Lair:5   | XOM: cast spell 'Disjunction'
 17194 | Lair:5   | XOM: divination: magic mapping
 17195 | Lair:5   | XOM: 1-stop teleportation journey
 17196 | Lair:5   | XOM: destruction
 17201 | Lair:5   | XOM: potion effect (heal wounds)
 17213 | Lair:5   | Paralysed by a hornet for 2 turns
 17236 | Lair:5   | Found a dark tunnel.
 17264 | Volcano  | Entered a volcano
 17270 | Volcano  | XOM: chaos upgrade
 17271 | Volcano  | Found a large runed translucent door.
 17288 | Volcano  | XOM: confusion
 17294 | Volcano  | Found a large runed translucent door.
 17367 | Volcano  | Found a large runed translucent door.
 17367 | Volcano  | Found a large runed translucent door.
 17367 | Volcano  | Found a large runed translucent door.
 17368 | Volcano  | Found a large runed translucent door.
 17468 | Volcano  | Found a large runed translucent door.
 17468 | Volcano  | Found a large runed translucent door.
 17480 | Volcano  | XOM: enchant monster (bad)
 17483 | Volcano  | Found a large runed translucent door.
 17483 | Volcano  | Found a large runed translucent door.
 17483 | Volcano  | Found a large runed translucent door.
 17511 | Volcano  | Found a large runed translucent door.
 17521 | Volcano  | Found a large runed translucent door.
 17521 | Volcano  | Found a large runed translucent door.
 17543 | Volcano  | Found a large runed translucent door.
 17543 | Volcano  | Found a large runed translucent door.
 17559 | Volcano  | XOM: noise
 17568 | Volcano  | XOM: torment (67/132 hp)
 17573 | Volcano  | Found a large runed translucent door.
 17573 | Volcano  | Found a large runed translucent door.
 17755 | Lair:5   | XOM: divination: detect creatures
 17885 | Lair:5   | XOM: potion effect (haste)
 17897 | Lair:5   | Noticed Nessos
 17903 | Lair:5   | XOM: cast spell 'Summon Small Mammal'
 17905 | Lair:5   | Reached skill level 11 in Shields
 17905 | Lair:5   | Killed Nessos
 18088 | Lair:5   | XOM: cast spell 'Summon Small Mammal'
 18091 | Lair:5   | XOM: divination: magic mapping
 18091 | Lair:5   | Identified the +7 trident "Huamoifu" {drain, rN++}
 18103 | Lair:5   | HP: 5/133 [drowned by a drowned soul[a merfolk avatar]
                  | (16)]
 18124 | Lair:5   | XOM: silly message
 18126 | Lair:5   | XOM: potion effect (might)
 18218 | Lair:5   | XOM: cloud trail
 18276 | Lair:5   | XOM: noise
 18283 | Lair:5   | XOM: cleaving
 18364 | Lair:5   | XOM: summons 8 hostile demons
 18914 | D:13     | XOM: fog
 18919 | D:13     | XOM: 3-stop teleportation journey
 18962 | D:13     | XOM: cast spell 'Summon Small Mammal'
 18964 | D:13     | XOM: potion effect (berserk rage)
 19179 | D:13     | XOM: 3-stop teleportation journey
 19180 | D:13     | Found a gate to the Vaults.
 19198 | D:13     | Reached XP level 15. HP: 110/139 MP: 14/14
 19330 | D:13     | Identified the +10 morningstar "Hykk" {heavy, Dex+3}
 19330 | D:13     | XOM: 2-stop teleportation journey
 19398 | D:13     | XOM: 11-stop teleportation journey
 19487 | D:13     | XOM: noise
 20243 | Orc:1    | Entered Level 1 of the Orcish Mines
 20418 | Orc:2    | Entered Level 2 of the Orcish Mines
 20425 | Orc:2    | Reached skill level 15 in Fighting
 20432 | Orc:2    | XOM: potion effect (might)
 20440 | Orc:2    | Reached skill level 12 in Shields
 20502 | Orc:2    | Noticed Saint Roka
 20508 | Orc:2    | Noticed Sonja
 20562 | Orc:2    | XOM: scenery: 1 doors open
 20624 | Orc:2    | Found Amuiraom's Weapon Shop.
 20691 | Orc:2    | XOM: potion effect (brilliance)
 20693 | Orc:2    | Killed Sonja
 20711 | Orc:2    | XOM: scenery: create altars
 20723 | Orc:1    | XOM: silly message
 20768 | Orc:2    | XOM: potion effect (invisibility)
 20785 | Orc:2    | XOM: noise
 20799 | Orc:2    | XOM: 5-stop teleportation journey
 20841 | Orc:2    | Killed Saint Roka
 20920 | Orc:2    | XOM: noise
 20971 | Orc:2    | Found a staircase to the Elven Halls.
 21058 | Orc:2    | XOM: torment (72/141 hp)
 21060 | Orc:2    | XOM: polymorph orc knight -> bunyip
 21061 | Orc:2    | XOM: 1-stop teleportation journey
 21150 | Orc:2    | XOM: summons 1 hostile demon
 21234 | Orc:2    | XOM: give mutation
 21234 | Orc:2    | Lost mutation: Your mind is acute. (Int +4, Str/Dex -1)
                  | [Xom's mischief]
 21245 | Orc:2    | XOM: stat loss: -1 Dex (12/13)
 21458 | Orc:2    | XOM: blink monster(s)
 21479 | Orc:2    | Found Fofoziv's Assorted Antiques.
 21480 | Orc:2    | Found a roughly hewn altar of Beogh.
 21481 | Orc:2    | XOM: chaos upgrade
 21486 | Orc:2    | XOM: polymorph soul eater -> smoke demon
 21488 | Orc:2    | Reached skill level 13 in Shields
 21691 | Orc:2    | Found Tiow's Weapon Boutique.
 21701 | Orc:2    | Bought a pair of embroidered gloves for 187 gold pieces
 21728 | Orc:2    | Found Cacaan's Jewellery Shoppe.
 21811 | Orc:1    | XOM: give mutations
 21811 | Orc:1    | Gained mutation: You have an increased reservoir of magic.
                  | (+10% MP) [Xom's mischief]
 21811 | Orc:1    | Lost mutation: You passively map the area around you.
                  | [Xom's mischief]
 21811 | Orc:1    | Gained mutation: You occasionally shout uncontrollably at
                  | your foes. [Xom's mischief]
 21811 | Orc:1    | Lost mutation: You occasionally shout uncontrollably at
                  | your foes. [Xom's mischief]
 21996 | Orc:2    | XOM: stat loss: -1 Dex (15/16)
 22166 | D:13     | XOM: summons 6 hostile demons
 22222 | D:14     | XOM: polymorph cyclops -> anaconda
 22308 | D:14     | XOM: divination: magic mapping
 22738 | D:14     | XOM: stat loss: -1 Int (8/9)
 22739 | D:14     | XOM: noise
 22946 | D:14     | Found an ancient bone altar of Kikubaaqudgha.
 23032 | D:15     | Entered Level 15 of the Dungeon
 23034 | D:15     | Found a gate leading to a gauntlet.
 23043 | Gauntlet | Entered a Gauntlet
 23043 | Gauntlet | Found a transporter.
 23052 | Gauntlet | Found a transporter.
 23055 | Gauntlet | Found a transporter.
 23056 | Gauntlet | Found a transporter.
 23065 | Gauntlet | Found a transporter.
 23067 | Gauntlet | Found a transporter.
 23068 | Gauntlet | Found a transporter.
 23077 | Gauntlet | Found a transporter.
 23080 | Gauntlet | Found a transporter.
 23081 | Gauntlet | Found a transporter.
 23087 | Gauntlet | Found a runed translucent gate.
 23087 | Gauntlet | Found a runed translucent gate.
 23089 | Gauntlet | Found a transporter.
 23089 | Gauntlet | Found a runed translucent gate.
 23093 | Gauntlet | Found a transporter.
 23094 | Gauntlet | Found a transporter.
 23105 | Gauntlet | Found a transporter.
 23332 | Gauntlet | XOM: polymorph efreet -> apocalypse crab
 23344 | Gauntlet | Reached skill level 1 in Spellcasting
 23377 | Gauntlet | XOM: summons 8 hostile demons
 23384 | Gauntlet | Reached skill level 14 in Shields
 23565 | D:15     | XOM: 1-stop teleportation journey
 23572 | D:15     | Found a white marble altar of Elyvilon.
 23572 | D:15     | XOM: 10-stop teleportation journey
 23574 | D:15     | XOM: silly message
 23647 | D:15     | XOM: cleaving
 23651 | D:15     | XOM: give mutations
 23651 | D:15     | Lost mutation: Your skin changes colour to match your
                  | surroundings (Stealth+). [Xom's mischief]
 23651 | D:15     | Gained mutation: Your spells are a little harder to cast,
                  | but a little more powerful. [Xom's mischief]
 23682 | D:15     | Found a staircase to the Depths.
 23799 | D:15     | XOM: confuse monster(s)
 23809 | D:15     | XOM: blink monster(s)
 24025 | D:15     | XOM: 7-stop teleportation journey
 24329 | Swamp:1  | Entered Level 1 of the Swamp
 24353 | Swamp:1  | XOM: give mutations
 24353 | Swamp:1  | Lost mutation: You are mostly covered in iridescent scales.
                  | (AC +4) [Xom's mischief]
 24353 | Swamp:1  | Gained mutation: Your muscles are strong. (Str +4, Int/Dex
                  | -1) [Xom's mischief]
 24385 | Swamp:1  | Noticed Kirke
 24418 | Swamp:1  | You fall into a shaft and drop 1 floor!
 24456 | Swamp:2  | XOM: 2-stop teleportation journey
 24469 | Swamp:2  | Reached skill level 15 in Armour
 24469 | Swamp:2  | XOM: smoke on damage
 24471 | Swamp:2  | Reached XP level 16. HP: 116/149 MP: 19/19
 24595 | Swamp:2  | XOM: give mutations
 24595 | Swamp:2  | Gained mutation: You are mostly covered in iridescent
                  | scales. (AC +4) [Xom's grace]
 24595 | Swamp:2  | Gained mutation: You have hidden genetic potential. [Xom's
                  | grace]
 24595 | Swamp:2  | Lost mutation: You have hidden genetic potential. [Xom's
                  | grace]
 24595 | Swamp:2  | Gained mutation: You are somewhat resistant to further
                  | mutation. [Xom's grace]
 24595 | Swamp:2  | Gained mutation: Your flesh is cold resistant. (rC+) [Xom's
                  | grace]
 24693 | Swamp:2  | XOM: smoke on damage
 24704 | Swamp:2  | XOM: confusion
 24734 | Swamp:2  | XOM: god gift: 40 gold pieces
 24765 | Swamp:2  | XOM: 1-stop teleportation journey
 24831 | Swamp:2  | Identified the +11 plate armour of Reett {Regen+ Str+2}
 24986 | Swamp:2  | XOM: scenery: summon butterflies
 25197 | Swamp:1  | Noticed a tentacled monstrosity
 25201 | Swamp:1  | XOM: cleaving
 25202 | Swamp:1  | Noticed Frances
 25237 | Swamp:1  | XOM: fake destruction
 25239 | Swamp:1  | XOM: potion effect (might)
 25240 | Swamp:1  | XOM: enchant monster (good)
 25244 | Swamp:1  | Killed Frances
 25248 | Swamp:1  | XOM: silly message
 25292 | Swamp:1  | XOM: swap monsters
 25307 | Swamp:1  | Killed Kirke
 25360 | Swamp:1  | Killed a tentacled monstrosity
 25361 | Swamp:1  | Reached skill level 15 in Shields
 25397 | Swamp:1  | Noticed Jorgrun
 25406 | Swamp:1  | XOM: confuse monster(s)
 25409 | Swamp:1  | XOM: silly message
 25431 | Swamp:1  | Killed Jorgrun
 25432 | Swamp:1  | Reached skill level 10 in Evocations
 25772 | Swamp:3  | XOM: silly message
 26108 | D:7      | Bought a +1 tower shield of reflection for 202 gold pieces
 26121 | D:7      | XOM: give mutations
 26121 | D:7      | Gained mutation: You are agile. (Dex +4, Str/Int -1) [Xom's
                  | mischief]
 26121 | D:7      | Lost mutation: You expend magic power (3 MP) to strengthen
                  | your wands. [Xom's mischief]
 26173 | D:8      | XOM: summons 2 hostile demons
 26611 | Swamp:3  | XOM: silly message
 26697 | Swamp:4  | Entered Level 4 of the Swamp
 26699 | Swamp:4  | XOM: confusion
 26753 | Swamp:4  | XOM: confusion (+ monsters)
 26760 | Swamp:4  | XOM: enchant monster (bad)
 26776 | Swamp:4  | XOM: silly message
 26779 | Swamp:3  | XOM: enchant monster (bad)
 26934 | Swamp:4  | XOM: potion effect (heal wounds)
 26949 | Swamp:4  | XOM: give mutations
 26949 | Swamp:4  | Lost mutation: You have a somewhat thin skeletal structure.
                  | (Dex +2, Stealth+) [Xom's mischief]
 26949 | Swamp:4  | Lost mutation: You are mostly covered in iridescent scales.
                  | (AC +4) [Xom's mischief]
 26949 | Swamp:4  | Gained mutation: You have a considerably increased
                  | reservoir of magic. (+20% MP) [Xom's mischief]
 27070 | Swamp:4  | XOM: destruction
 27073 | Swamp:4  | XOM: cleaving
 27095 | Swamp:4  | XOM: scenery: create altars
 27102 | Swamp:4  | XOM: god gift: club {god gift}
 27218 | Swamp:4  | Identified the +0 chain mail "Xerot" {rC+ rN+ Will+ rCorr}
 27348 | Swamp:4  | Reached skill level 16 in Shields
 27364 | Swamp:4  | XOM: enchant monster (good)
 27385 | Swamp:4  | Noticed the 27-headed Lernaean hydra
 27394 | Swamp:4  | Killed the 23-headed Lernaean hydra
 27401 | Swamp:4  | XOM: summons friendly white imp
 27625 | Spider:1 | Entered Level 1 of the Spider Nest
 27625 | Spider:1 | Noticed Rupert
 27626 | Spider:1 | XOM: summons friendly iron imp
 27640 | Spider:1 | Killed Rupert
 27657 | Spider:1 | XOM: summons 3 friendly demons
 27679 | Spider:1 | Reached skill level 1 in Throwing
 27679 | Spider:1 | XOM: swap monsters
 27751 | Spider:1 | XOM: potion effect (brilliance)
 27759 | Spider:1 | XOM: fog
 27792 | Spider:1 | XOM: god gift: 2 curare-tipped darts
 27829 | Spider:1 | Found a runed translucent door.
 27829 | Spider:1 | Noticed Gopnoam's ghost (adept OnFi)
 27872 | Spider:1 | XOM: fog
 27886 | Spider:1 | Killed Gopnoam's ghost
 27887 | Spider:1 | Reached XP level 17. HP: 153/156 MP: 23/23
 28084 | Spider:1 | XOM: god gift: staff of death
 28168 | Spider:1 | XOM: swap monsters
 28267 | Spider:1 | Reached skill level 5 in Throwing
 28482 | Spider:1 | XOM: summons 2 friendly demons
 28586 | Spider:1 | XOM: noise
 29347 | Spider:2 | XOM: swap monsters
 29351 | Spider:2 | XOM: confuse monster(s)
 29545 | Spider:2 | Noticed Louise
 29546 | Spider:2 | Paralysed by a jorogumo for 2 turns
 29555 | Spider:2 | XOM: fake destruction
 29563 | Spider:2 | Killed Louise
 29688 | Spider:2 | XOM: give mutation
 29688 | Spider:2 | Gained mutation: You passively dampen the noise of your
                  | surroundings. [Xom's grace]
 29698 | Spider:2 | XOM: 5-stop teleportation journey
 29798 | Spider:2 | XOM: summons 6 friendly demons
 29849 | Spider:2 | XOM: cleaving
 29865 | Spider:2 | XOM: give mutation
 29865 | Spider:2 | Gained mutation: Your mind is acute. (Int +4, Str/Dex -1)
                  | [Xom's grace]
 30033 | Spider:3 | XOM: scenery: create altars
 30037 | Spider:2 | Reached skill level 10 in Throwing
 30037 | Spider:2 | XOM: god gift: book of Displacement
 30339 | Spider:3 | Noticed Asterion
 30356 | Spider:3 | XOM: enchant monster (good)
 30368 | Spider:3 | XOM: summons 3 friendly demons
 30382 | Spider:3 | HP: 6/156 [Asterion/+2 spectral broad axe (20)]
 30383 | Spider:3 | Killed Asterion
 30517 | Spider:3 | XOM: 4-stop teleportation journey
 30586 | Spider:3 | XOM: summons friendly white imp
 30592 | Spider:3 | XOM: scenery: summon butterflies
 30848 | Spider:3 | XOM: scenery: create altars
 31050 | Spider:4 | Entered Level 4 of the Spider Nest
 31077 | Spider:4 | XOM: cast spell 'Discord'
 31079 | Spider:4 | XOM: god gift: box of beasts
 31081 | Spider:4 | XOM: 1-stop teleportation journey
 31082 | Spider:4 | Reached skill level 17 in Shields
 31252 | Spider:4 | XOM: summons 9 hostile demons
 31278 | Spider:4 | XOM: fog
 31456 | Spider:4 | XOM: noise
 31496 | Spider:4 | XOM: give mutations
 31496 | Spider:4 | Lost mutation: Your spells are a little harder to cast, but
                  | a little more powerful. [Xom's mischief]
 31496 | Spider:4 | Lost mutation: You passively dampen the noise of your
                  | surroundings. [Xom's mischief]
 31496 | Spider:4 | Lost mutation: You passively map a small area around you.
                  | [Xom's mischief]
 31496 | Spider:4 | XOM: smoke on damage
 31542 | Spider:4 | XOM: summons 1 hostile shadow creature
 31544 | Spider:4 | XOM: enchant monster (bad)
 31840 | Spider:4 | XOM: draining
 31875 | Spider:4 | XOM: stat loss: -1 Int (10/11)
 31879 | Spider:4 | Reached XP level 18. HP: 137/144 MP: 0/24
 31880 | Spider:4 | XOM: enchant monster (bad)
 31997 | Spider:4 | XOM: enchant monster (bad)
 32174 | Spider:4 | Reached skill level 18 in Shields
 32224 | Spider:4 | XOM: give mutations
 32224 | Spider:4 | Lost mutation: You are partially covered in iridescent
                  | scales. (AC +2) [Xom's mischief]
 32224 | Spider:4 | Gained mutation: You are strong-willed. (Will+) [Xom's
                  | mischief]
 32224 | Spider:4 | Lost mutation: You are covered in fur. (AC +1) [Xom's
                  | mischief]
 32224 | Spider:4 | Lost mutation: You are agile. (Dex +4, Str/Int -1) [Xom's
                  | mischief]
 32373 | Spider:4 | Identified the +4 pair of gloves of Cocytus {rPois}
 32404 | Spider:4 | Got a gossamer rune of Zot
 32533 | Spider:4 | XOM: summons 12 friendly demons
 32757 | Lair:1   | XOM: give mutations
 32757 | Lair:1   | Gained mutation: Potions are less effective at restoring
                  | your health. [Xom's mischief]
 32757 | Lair:1   | Lost mutation: Your muscles are strong. (Str +4, Int/Dex
                  | -1) [Xom's mischief]
 32889 | Elf:1    | Entered Level 1 of the Elven Halls
 32916 | Elf:1    | XOM: 1-stop teleportation journey
 32925 | Elf:1    | XOM: noise
 33017 | Elf:1    | XOM: silly message
 33057 | Elf:1    | Found the +15 Maxwell's patent armour {-Cast -Tele rElec
                  | Will+ rCorr}
 33251 | Elf:1    | XOM: noise
 33414 | Elf:1    | XOM: scenery: 1 doors close
 33463 | Elf:1    | XOM: 1-stop teleportation journey
 33489 | Elf:1    | Identified the serpent talisman of Bitterness {*Corrode
                  | rElec rC+ Int+4}
 33489 | Elf:1    | Noticed Aizul
 33509 | Elf:1    | Killed Aizul
 33651 | Elf:1    | XOM: torment (83/163 hp)
 33712 | Elf:1    | XOM: noise
 34024 | Elf:1    | Found Rydevais's Armour Shop.
 34282 | Elf:1    | XOM: summons 4 hostile shadow creatures
 34418 | Elf:2    | XOM: scenery: summon butterflies
 34422 | Elf:2    | XOM: summons 3 friendly demons
 34429 | Elf:2    | XOM: noise
 34432 | Elf:2    | XOM: 1-stop teleportation journey
 34435 | Elf:2    | XOM: silly message
 34453 | Elf:2    | Reached skill level 19 in Shields
 34530 | Elf:2    | XOM: scenery: summon butterflies
 34535 | Elf:2    | XOM: enchant monster (good)
 34732 | Elf:2    | XOM: god gift: 41 gold pieces
 34747 | Elf:2    | Found a runed translucent gate.
 34747 | Elf:2    | Found a runed translucent gate.
 34748 | Elf:2    | Found a runed translucent gate.
 34932 | Elf:2    | XOM: noise
 34936 | Elf:2    | XOM: confuse monster(s)
 34993 | Elf:2    | XOM: enchant monster (bad)
 34998 | Elf:2    | XOM: confuse monster(s)
 35085 | Elf:2    | Paralysed by an air elemental for 1 turns
 35088 | Elf:2    | Paralysed by an air elemental for 1 turns
 35138 | Elf:2    | XOM: chaos upgrade
 35218 | Elf:2    | XOM: give mutations
 35218 | Elf:2    | Gained mutation: You are robust. (+10% HP) [Xom's mischief]
 35218 | Elf:2    | Lost mutation: You are somewhat resistant to further
                  | mutation. [Xom's mischief]
 35218 | Elf:2    | Lost mutation: You have a considerably increased reservoir
                  | of magic. (+20% MP) [Xom's mischief]
 35394 | Elf:2    | Reached skill level 20 in Shields
 35476 | Elf:3    | Entered Level 3 of the Elven Halls
 35494 | Elf:3    | Reached XP level 19. HP: 187/187 MP: 23/23
 35548 | Elf:3    | XOM: summons 2 friendly demons
 35703 | Elf:3    | Found a runed translucent door.
 35703 | Elf:3    | Noticed Adatourgh's ghost (journeyman KoHu)
 35818 | Elf:3    | XOM: confusion (+ monsters)
 35846 | Elf:3    | XOM: confuse monster(s)
 35915 | Elf:3    | XOM: potion effect (brilliance)
 35920 | Elf:3    | XOM: summons 4 friendly demons
 35921 | Elf:3    | XOM: summons friendly white imp
 35938 | Elf:3    | Found a shimmering blue altar of Sif Muna.
 36272 | Elf:3    | XOM: enchant monster (good)
 36272 | Elf:3    | XOM: butterfly on damage
 36333 | Elf:3    | Noticed a Tzitzimitl
 36358 | Elf:3    | XOM: butterfly on damage
 36418 | Abyss:3  | Found a corrupted altar of Lugonu.
 36418 | Abyss:3  | Cast into level 3 of the Abyss (a deep elf demonologist)
 36479 | Abyss:3  | XOM: confuse monster(s)
 36502 | Abyss:4  | XOM: potion effect (invisibility)
 36538 | Elf:3    | Escaped the Abyss
 36641 | Elf:3    | XOM: enchant monster (good)
 36717 | Elf:3    | XOM: silly message
 36774 | Elf:3    | XOM: potion effect (attraction)
 36775 | Elf:3    | XOM: 1-stop teleportation journey
 36883 | Elf:3    | XOM: divine lightning
 36899 | Elf:3    | XOM: silly message
 36908 | Elf:3    | XOM: enchant monster (bad)
 36931 | Elf:3    | XOM: give mutations
 36931 | Elf:3    | Lost mutation: You are robust. (+10% HP) [Xom's mischief]
 36931 | Elf:3    | Lost mutation: Your mind is acute. (Int +4, Str/Dex -1)
                  | [Xom's mischief]
 36931 | Elf:3    | Gained mutation: Your muscles are strong. (Str +4, Int/Dex
                  | -1) [Xom's mischief]
 36931 | Elf:3    | Gained mutation: You occasionally lose the ability to drink
                  | potions when taking damage. [Xom's mischief]
 36977 | Elf:3    | XOM: god gift: 16 gold pieces
 37219 | Elf:3    | XOM: confuse monster(s)
 37263 | Elf:3    | Identified the +8 plate armour "Ecualuup" {rElec rC- rN+
                  | Regen+}
 37263 | Elf:3    | Identified the ring of Amaro {Will++ AC+4}
 37523 | Elf:3    | Identified the +0 trident of Action {heavy, Str+4}
 37529 | Elf:3    | XOM: potion effect (might)
 37563 | Elf:3    | Identified the +5 short sword of the Median {flame, rN+
                  | Str+3 Dex+3}
 37593 | Elf:3    | Got the Enchiridion on Convocation
 37597 | Elf:3    | Identified the +0 chain mail "Viaskothry" {Will+++}
 37599 | Elf:3    | Identified the +2 hand axe of Afeadill {heavy, rElec}
 37613 | Elf:3    | Identified the ring of Okawaru's Pride {rN+ Will- Slay+4}
 37629 | Elf:3    | Identified the staff of Buer {rF+ rC+ rCorr Str+4 Ice}
 37755 | Elf:3    | Killed Adatourgh's ghost
 38018 | Vaults:1 | Entered Level 1 of the Vaults
 38024 | Vaults:1 | XOM: cast spell 'Summon Hydra'
 38059 | Vaults:1 | XOM: chaos upgrade
 38076 | Vaults:1 | XOM: 1-stop teleportation journey
 38098 | Vaults:1 | XOM: polymorph ironbound preserver -> shapeshifter
 38100 | Vaults:1 | XOM: god gift: 13 gold pieces
 38196 | Vaults:1 | XOM: 1-stop teleportation journey
 38222 | Vaults:1 | XOM: 3-stop teleportation journey
 38247 | Vaults:1 | XOM: noise
 38367 | Vaults:1 | XOM: polymorph boulder beetle -> yaktaur
 38384 | Vaults:1 | XOM: enchant monster (good)
 38405 | Vaults:1 | Reached XP level 20. HP: 154/182 MP: 17/24
 38415 | Vaults:1 | XOM: scenery: 4 doors close
 38461 | Vaults:1 | Reached skill level 15 in Throwing
 38491 | Vaults:1 | Identified the +4 ring mail of Vanity {+Inv rF- Regen+
                  | Str+4}
 39247 | Vaults:2 | XOM: summons friendly ynoxinul
 39250 | Vaults:2 | XOM: divination: magic mapping
 39307 | Vaults:2 | Noticed Mara
 39320 | Vaults:2 | Noticed ragingrage's illusion
 39333 | Vaults:2 | XOM: cleaving
 39337 | Vaults:2 | XOM: scenery: 1 doors open, 1 doors close
 39347 | Vaults:2 | XOM: divination: magic mapping
 39375 | Vaults:2 | Killed Mara
 39538 | Vaults:2 | XOM: scenery: 1 doors close
 39541 | Vaults:2 | XOM: summons 13 friendly demons
 39589 | Vaults:2 | XOM: cloud trail
 39620 | Vaults:2 | XOM: 3-stop teleportation journey
 39641 | Vaults:2 | XOM: scenery: create altars
 39662 | Vaults:2 | XOM: cloud trail
 39811 | Vaults:2 | XOM: cast spell 'Leda's Liquefaction'
 39824 | Vaults:2 | XOM: divination: detect items
 39834 | Vaults:2 | XOM: enchant monster (bad)
 39856 | Vaults:2 | XOM: noise
 39895 | Vaults:2 | XOM: noise
 40258 | Vaults:2 | Reached skill level 21 in Shields
 40453 | Vaults:3 | Noticed Margery
 40478 | Vaults:3 | Killed Margery
 40478 | Vaults:3 | XOM: god gift: 36 gold pieces
 40580 | Vaults:3 | XOM: summons friendly quasit
 40591 | Vaults:3 | XOM: confuse monster(s)
 40805 | Vaults:3 | XOM: give mutations
 40805 | Vaults:3 | Gained mutation: Your spells are a little harder to cast,
                  | but a little more powerful. [Xom's grace]
 40805 | Vaults:3 | Gained mutation: Your muscles are very strong. (Str +8,
                  | Int/Dex -2) [Xom's grace]
 40805 | Vaults:3 | Gained mutation: You have a pair of large horns on your
                  | head. [Xom's grace]
 40892 | Vaults:3 | Found a staircase to the Crypt.
 40892 | Vaults:3 | Found a basalt altar of Yredelemnul.
 40892 | Vaults:3 | Found an ancient bone altar of Kikubaaqudgha.
 40939 | Vaults:3 | XOM: give mutations
 40939 | Vaults:3 | Gained mutation: Your system is resistant to poisons.
                  | (rPois) [Xom's grace]
 40939 | Vaults:3 | Gained mutation: Your spells are harder to cast, but more
                  | powerful. [Xom's grace]
 41079 | Vaults:3 | XOM: destruction
 41165 | Vaults:3 | XOM: summons friendly quasit
 41171 | Vaults:3 | XOM: summons friendly ufetubus
 41178 | Vaults:3 | XOM: potion effect (might)
 41579 | Vaults:3 | XOM: swap monsters
 41619 | Vaults:3 | XOM: give mutation
 41619 | Vaults:3 | Lost mutation: Potions are less effective at restoring your
                  | health. [Xom's mischief]
 41761 | Vaults:4 | Reached XP level 21. HP: 194/194 MP: 25/25
 41778 | Vaults:4 | Identified the orb of Naezeyn {light, rElec rN++ rCorr
                  | Dex-5}
 41778 | Vaults:4 | Noticed Frederick
 41818 | Vaults:4 | Killed Frederick
 41874 | Vaults:4 | Found a magical portal.
 41883 | WizLab   | Entered Eringya's Formal Garden
 41928 | WizLab   | XOM: confusion (+ monsters)
 41929 | WizLab   | XOM: enchant monster (bad)
 42235 | WizLab   | Found a blossoming altar of Fedhas.
 42311 | WizLab   | Reached skill level 22 in Shields
 42523 | Vaults:4 | XOM: summons 4 hostile demons
 42553 | Vaults:4 | XOM: silly message
 42690 | Vaults:4 | Noticed Zenata
 42705 | Vaults:4 | XOM: confusion
 42709 | Vaults:4 | XOM: cast spell 'Death Channel'
 42712 | Vaults:4 | Killed Zenata
 42930 | Vaults:4 | Noticed Xtahua
 42939 | Vaults:4 | Killed Xtahua
 43172 | Vaults:4 | XOM: swap monsters
 43216 | Vaults:4 | XOM: scenery: summon butterflies
 43268 | Vaults:4 | XOM: confusion
 43987 | Depths:1 | Entered Level 1 of the Depths
 44043 | Depths:1 | Found Jacko's Demolitions Depot.
 44046 | Depths:1 | Found a one-way gateway to a ziggurat.
 44051 | Depths:1 | Bought a manual of Evocations for 1200 gold pieces
 44069 | Depths:1 | Found a gateway to Hell.
 44111 | Depths:1 | Found Ostem's Armour Shoppe.
 44142 | Depths:1 | Found Latilaxtix's General Store.
 44251 | Depths:1 | Found a flickering gateway to a bazaar.
 44265 | Bazaar   | Entered a bazaar
 44265 | Bazaar   | Found Retre's Magic Scroll Boutique.
 44265 | Bazaar   | Found Qykliang's Weapon Shop.
 44265 | Bazaar   | Found Refoolua's Book Boutique.
 44265 | Bazaar   | Found Zyacec's Antique Weapon Boutique.
 44265 | Bazaar   | Found Ozagaof's General Store.
 44265 | Bazaar   | Found Demmuac's Antique Armour Boutique.
 44277 | Bazaar   | Bought the -2 hat of the Alchemist {rElec rPois rF+ rC+ rN+
                  | Will+ rMut rCorr} for 613 gold pieces
 44277 | Bazaar   | Found the -2 hat of the Alchemist {rElec rPois rF+ rC+ rN+
                  | Will+ rMut rCorr}
 44279 | Bazaar   | Bought a scroll of acquirement for 468 gold pieces
 44279 | Bazaar   | Bought a scroll of teleportation for 27 gold pieces
 44279 | Bazaar   | Bought a scroll of teleportation for 27 gold pieces
 44279 | Bazaar   | Bought a scroll of teleportation for 27 gold pieces
 44303 | Depths:1 | Acquired the amulet of Freedom {Spirit +Blink rPois rN+
                  | Int+3 Stlth+}
 44464 | Depths:1 | XOM: blink monster(s)
 44465 | Depths:1 | XOM: noise
 44488 | Depths:1 | XOM: give mutations
 44488 | Depths:1 | Gained mutation: You are occasionally teleported next to
                  | monsters. [Xom's mischief]
 44488 | Depths:1 | Lost mutation: Your spells are harder to cast, but more
                  | powerful. [Xom's mischief]
 44492 | Depths:1 | XOM: summons friendly iron imp
 44679 | Depths:1 | Found Uskawal's Weapon Shoppe.
 44697 | Depths:1 | Reached skill level 15 in Evocations
 44732 | Depths:1 | XOM: scenery: 1 doors close
 44975 | Depths:1 | XOM: divination: magic mapping
 45374 | Depths:2 | XOM: cloud trail
 45385 | Depths:2 | XOM: enchant monster (good)
 45439 | Depths:2 | Found a hazy altar of Hepliaklqana.
 45538 | Depths:2 | XOM: cloud trail
 45564 | Depths:2 | XOM: polymorph stone giant -> dream sheep
 45576 | Depths:2 | Found Gozag's Assorted Antiques.
 45638 | Depths:2 | Noticed a golden dragon
 45639 | Depths:2 | Found an opulent altar of Gozag.
 45642 | Depths:2 | Bought a scroll of enchant armour for 750 gold pieces
 45646 | Depths:2 | Found Gozag's Antique Weapon Shop.
 45649 | Depths:2 | Found Gozag's Assorted Antiques.
 45654 | Depths:2 | XOM: potion effect (invisibility)
 45662 | Depths:2 | XOM: give mutation
 45662 | Depths:2 | Lost mutation: Your flesh is cold resistant. (rC+) [Xom's
                  | mischief]
 45842 | Depths:2 | Found a one-way gate leading to the halls of Pandemonium.
 45854 | Depths:2 | Killed a golden dragon
 45865 | Depths:2 | XOM: 9-stop teleportation journey
 46197 | Depths:2 | XOM: enchant monster (bad)
 46341 | Depths:3 | Noticed a golden dragon
 46342 | Depths:3 | Noticed a golden dragon
 46344 | Depths:3 | Identified the +0 pair of gloves "Tienet" {Regen+}
 46346 | Depths:3 | XOM: enchant monster (bad)
 46397 | Depths:2 | Killed a golden dragon
 46398 | Depths:2 | Reached XP level 22. HP: 135/209 MP: 19/26
 46406 | Depths:2 | XOM: silly message
 46460 | Depths:2 | XOM: cast spell 'Summon Mana Viper'
 46514 | Depths:3 | Killed a golden dragon
 46525 | Depths:3 | Identified the +1 pair of boots of Polish {^Drain rN++
                  | Int+3 Dex-3}
 46666 | Depths:3 | Found a one-way gate to the infinite horrors of the Abyss.
 46699 | Depths:3 | XOM: swap monsters
 46700 | Depths:3 | XOM: cleaving
 46880 | Depths:3 | HP: 5/209 [iron troll (34)]
 46881 | Depths:3 | Mangled by an iron troll

Illustrated notes

Levels and vault maps discovered:
D:1:      heliophobic_arrival_battle_scene, layout_loops_corners,
          serial_bayou_lagoon_b
D:2:      layout_loops_ring, minivault_23, minmay_misc_feat_room
D:3:      layout_rooms, serial_bayou_pond_e
D:4:      layout_rooms, chequers_temple_overflow_statue_of_worship,
          minmay_temple_entry_hall, serial_shops,
          nicolae_shop_overgrown_old_shop, chequers_serial_rivers_marsh
D:5:      layout_loops_ring
D:6:      layout_rooms, mainiacjoe_sewer_entry_somewhere_in_here_1,
          minmay_between, uniq_sigmund
D:7:      layout_basic, lemuel_doored_altar, serial_shops,
          nicolae_shop_real_fake_doors, minmay_tree_intersection
D:8:      layout_basic, mainiacjoe_overflow_big_doors,
          hellmonk_guarded_unrand_hermit
D:9:      layout_loops_ring, erik_orc_3, serial_shops, nicolae_shop_dealshenge
D:10:     layout_long_grid, mainiacjoe_overflow_swirl
D:11:     layout_long_grid, erik_lair_island, special_room [special_room_orc],
          portal_ice_cave_entry_pillars_1, serial_glass, glass_columns_a,
          glass_columns_b, due_unseen_surprise, gammafunk_ghost_hive,
          nicolae_trove_entry_isolated
D:12:     minmay_opposing_rooms, layout_irregular_city, chequers_avenue
D:13:     minmay_clustersquares, layout_basic, erik_vaults_1
D:14:     layout_loops_ring, nicolae_kikubaaqudgha_miasma_corner
D:15:     grunt_enter_depths_giant_problem, layout_basic,
          gauntlet_entry_generic, elyvilon_altar_3
Temple:   nicolae_temple_bog_church
Lair:1:   layout_gridlike, wad_woods_river_01, infiniplex_staircase_pool_2
Lair:2:   layout_concentric_octagons
Lair:3:   layout_regular_city, minmay_swamp_entry_eels, spider_nest_entry_a,
          minmay_lair_oklob_items
Lair:4:   layout_cave_pods, minmay_slime_entry_jelly_boxes, lookout_lair_type
Lair:5:   gammafunk_lair_ancient_temple, layout_regular_city, enter_volcano_1,
          infiniplex_staircase_pool, uniq_nessos
Swamp:1:  layout_basic_swamp, hangedman_swamp_ruin_wall, uniq_jorgrun,
          uniq_kirke, uniq_frances
Swamp:2:  layout_falls_marsh, evilmike_swamp_ruin_house_1, swamp_pool_1_2
Swamp:3:  layout_basic_swamp, serial_swamp_ruin, evilmike_swamp_ruin_rubble_1,
          evilmike_swamp_ruin_house_4, nicolae_swamp_tree_isthmus
Swamp:4:  swamp_old_school, layout_basic_swamp, swamp_pool_4,
          nzn_swamp_dancing_lights
Spider:1: layout_chambers, gammafunk_ghost_grave, uniq_rupert
Spider:2: layout_spider_delve, uniq_louise
Spider:3: layout_spider_delve, uniq_asterion
Spider:4: grunt_spider_rune_island
Orc:1:    layout_diamond_mine
Orc:2:    hellmonk_orc_salted, layout_caves, blackcustard_mines_bat_river,
          uniq_saint_roka, uniq_sonja
Elf:1:    layout_onion_city, serial_shops, shop, kilobyte_rumbling_trees,
          dreamdust_deal_with_the_devil, uniq_aizul
Elf:2:    elven_hall_of_blades_hangedman_original
          [nicolae_blade_entry_sentries_behind_glass], layout_geoelf_octagon
Elf:3:    minmay_elf_hall_circle, layout_gridlike, basic_altar,
          gammafunk_ghost_grave
Vaults:1: v_misc_15, vaults_mumra_minichess, nicolae_vaults_spaceships,
          v_alt_pattern_3, ontoclasm_vaults_pinch, nicolae_vaults_meiosis,
          vaults_room_fours, grunt_vaults_trifunnel, nicolae_vaults_trapezoid_1,
          vaults_mumra_hex, layout_vaults_maze_snakey
Vaults:2: v_rooms_1, v_rooms_5, nicolae_vaults_ellipses_ellipsis,
          vaults_room_grunt_arrival_checkpoint, nicolae_vaults_wrenched,
          nicolae_vaults_six-pack, nicolae_vaults_storage_room_glass, st_eye,
          ontoclasm_vaults_shuriken, grunt_vaults_diagonal,
          nicolae_vaults_diamond_2, layout_vaults_omnicross, uniq_mara
Vaults:3: portal_desolation_entry_nicolae_forbidding_blocks,
          vaults_room_corners, nicolae_vaults_apartment_2, lightli_orcish_oven,
          nicolae_vaults_asterisk, minmay_crypt_entry_necro_gods,
          hangedman_vaults_impose, nicolae_vaults_circle_grid_b,
          nicolae_vaults_border_crossing, nicolae_vaults_trapezoid_layered,
          nicolae_vaults_trapezoid_1, layout_vaults_chaotic_city, uniq_margery
Vaults:4: mu_enter_wizlab_2, vaults_dpeg_ring,
          nicolae_vaults_doubleplus_tesselated, hangedman_vaults_stitches,
          nicolae_vaults_closet_pinwheel_5, serial_library_hellmonk_semicircle,
          nicolae_vaults_shipping_containers_4,
          nicolae_vaults_trapezoid_lopsided_3, ontoclasm_vaults_idyll,
          grunt_vaults_funnel, nicolae_vaults_yaktaur_gun_rack,
          layout_vaults_omnigrid, uniq_frederick, uniq_xtahua, uniq_zenata
Depths:1: layout_gridlike, enter_ziggurat_b, serial_shops, statue_bzr,
          nicolae_shop_crystal, shop, nicolae_take_the_stairs,
          serial_co_window_serial, co_window_corner_a, co_window_cross_1,
          co_window_paths_b, co_window_paths_a, co_window_paths_a,
          co_window_of_opportunity_c, co_window_broadway_a, co_window_corner_b,
          co_window_broadway_b, co_window_2corner, co_window_corner_cb,
          glass_columns_b, glass_columns_c, glass_columns_a, hell_entry,
          chequers_jeans, nicolae_blasting_shop
Depths:2: kennysheep_gozag_temple, layout_twisted_cross, pan_entry,
          pf_hell_entry_tar_river, nicolae_hepliaklqana_hippocampus
Depths:3: minmay_ambush_box, layout_basic, yredelemnul_altar_generic,
          biasface_ghost_demon_polymorph,
          regret_index_abyss_entry_earlier_magic, grunt_mini_vestibule,
          pan_entry, nicolae_qazlal_style_of_elements, minmay_staircase_bubble,
          serial_bayou_shore_b, serial_bayou_shore_b

Skill      XL: |  1  2  3  4  5  6  7  8  9 10 11 12 13 14 15 16 17 18 19 20 21 22 |
---------------+-------------------------------------------------------------------+-----
Axes           | 4 5 6 7 8 9 12 14 16 | 16.0
Shields        | 2 5 8 10 11 14 16 17 20 21 22 | 22.0
Fighting       | 4 6 9 11 13 14 15 16 18 20 | 20.3
Armour         | 4 6 8 11 12 15 16 17 18 | 18.0
Evocations     | 2 3 4 7 9 11 12 13 17 18 | 18.1
Dodging        | 2 5 7 8 |  8.0
Necromancy     | 2 5 7 8 9 |  9.0
Spellcasting   | 2 |  2.0
Throwing       | 3 11 14 16 | 16.2

Action                     |  1- 3 |  4- 6 |  7- 9 | 10-12 | 13-15 | 16-18 | 19-21 | 22-24 || total
---------------------------+-------+-------+-------+-------+-------+-------+-------+-------++-------
  Melee: Hand axe          |    57 |       |       |       |       |       |       |       ||    57
         Headbutt          |    11 |    15 |    39 |   102 |   322 |   312 |   268 |    21 ||  1090
         War axe           |    18 |    93 |    33 |       |       |       |       |       ||   144
         Broad axe         |       |       |   211 |   598 |  1114 |  1301 |  1102 |    90 ||  4416
         Morningstar       |       |       |       |       |    54 |       |       |       ||    54
  Throw: Dart              |       |       |       |    16 |     6 |       |       |       ||    22
         Boomerang         |       |       |       |       |       |    19 |    32 |       ||    51
         Javelin           |       |       |       |       |       |     1 |    21 |       ||    22
   Cast: Fugue of the Fall |       |       |       |       |     1 |     1 |    27 |     1 ||    30
  Evoke: Wand              |       |       |       |     6 |    12 |     2 |    11 |       ||    31
         Lightning rod     |       |       |       |     1 |    11 |     8 |       |       ||    20
         Sack of spiders   |       |       |       |       |     1 |     1 |       |       ||     2
         Condenser vane    |       |       |       |       |       |     1 |     1 |       ||     2
         Phantom mirror    |       |       |       |       |       |       |     2 |       ||     2
    Use: Potion            |     2 |       |       |     1 |     6 |    12 |     1 |       ||    22
         Scroll            |     1 |     4 |     9 |     9 |     8 |    20 |     6 |     1 ||    58
   Stab: Sleeping          |       |     1 |       |     1 |       |       |       |       ||     2
         Distracted        |       |       |     1 |       |     1 |    12 |       |     1 ||    15
         Invisible         |       |       |     2 |       |     3 |       |     7 |       ||    12
         Paralysed         |       |       |       |     3 |     1 |     1 |     1 |       ||     6
         Confused          |       |       |       |     2 |     5 |     3 |     1 |       ||    11
         Petrified         |       |       |       |       |       |    10 |     4 |       ||    14
         Petrifying        |       |       |       |       |       |     2 |       |       ||     2
 Armour: Leather armour    |    65 |    80 |   182 |    89 |       |       |       |       ||   416
         Troll leather arm |       |       |       |   145 |       |       |       |       ||   145
         Ring mail         |       |       |       |   105 |       |       |       |       ||   105
         Chain mail        |       |       |       |    90 |   954 |     2 |       |       ||  1046
         Skin              |       |       |       |       |    14 |       |       |       ||    14
         Acid dragon scale |       |       |       |       |     2 |       |       |       ||     2
         Plate armour      |       |       |       |       |       |   452 |  1190 |   108 ||  1750
         Swamp dragon scal |       |       |       |       |       |   401 |       |       ||   401
  Dodge: Dodged            |    53 |    44 |   113 |   254 |   458 |   573 |   385 |    39 ||  1919
  Block: Buckler           |       |     4 |    35 |    29 |       |       |       |       ||    68
         Kite shield       |       |       |       |   246 |   759 |   175 |       |       ||  1180
         Tower shield      |       |       |       |       |       |  1268 |  1620 |   143 ||  3031
         Reflection        |       |       |       |       |       |    33 |   165 |     6 ||   204

Table legend: (Time is in decaauts)
 A = Elapsed time spent in this place.
 B = Non-inter-level travel time spent in this place.
 C = Inter-level travel time spent in this place.
 D = Time resting spent in this place.
 E = Time spent auto-exploring this place.
 F = Levels seen in this place.
 G = Mean time per level.
                   A        B        C        D        E       F      G
               +--------+--------+--------+--------+--------+-----+--------+
         Total |  47549 |  43478 |   4071 |   5363 |  26961 |  49 |  970.4 |
       Dungeon |  15721 |  13905 |   1816 |   1830 |   9577 |  15 | 1048.1 |
        Temple |      1 |      1 |      0 |      0 |      0 |   1 |    1.0 |
          Lair |   6194 |   5438 |    756 |    291 |   3707 |   5 | 1238.8 |
         Swamp |   3167 |   2930 |    237 |    333 |   1591 |   4 |  791.8 |
   Spider Nest |   4751 |   4501 |    250 |    848 |   2445 |   4 | 1187.8 |
  Orcish Mines |   1856 |   1624 |    232 |    267 |    906 |   2 |  928.0 |
   Elven Halls |   4933 |   4762 |    171 |    971 |   2410 |   3 | 1644.3 |
        Vaults |   5383 |   5045 |    338 |    159 |   3585 |   4 | 1345.8 |
        Depths |   2929 |   2661 |    268 |    222 |   1763 |   3 |  976.3 |
         Abyss |    123 |    123 |      0 |      0 |      0 |   2 |   61.5 |
        Bazaar |     33 |     33 |      0 |      0 |     12 |   1 |   33.0 |
         Sewer |    321 |    321 |      0 |     23 |    193 |   1 |  321.0 |
      Ice Cave |    780 |    780 |      0 |    311 |    234 |   1 |  780.0 |
       Volcano |    339 |    339 |      0 |      0 |     86 |   1 |  339.0 |
        Wizlab |    575 |    575 |      0 |     99 |    295 |   1 |  575.0 |
      Gauntlet |    436 |    436 |      0 |      8 |    154 |   1 |  436.0 |
               +--------+--------+--------+--------+--------+-----+--------+

Top non-repeatable levels by time:
   Elf:3: 1787 daAuts
     D:9: 1685 daAuts
     D:7: 1627 daAuts
   Elf:2: 1594 daAuts
   Elf:1: 1551 daAuts
Vaults:4: 1482 daAuts
    D:11: 1462 daAuts
  Lair:1: 1460 daAuts
   Orc:2: 1426 daAuts
    D:13: 1418 daAuts
Spider:1: 1382 daAuts
Spider:4: 1381 daAuts
  Lair:3: 1370 daAuts
Vaults:3: 1337 daAuts
Depths:1: 1327 daAuts
